 Dungeon Crawl Stone Soup version 0.30-a0-165-g1891117ce2 (webtiles) character file.

Game seed: 4531846290067664492

65 qw the Chopper (level 4, -1/28 HPs)
             Began as a Gargoyle Fighter on Sept 28, 2022.
             Slain by a gnoll
             ... wielding a +0 spear
              (2 damage)
             ... on level 3 of the Dungeon.
             The game lasted 00:00:43 (1912 turns).

qw the Chopper (Gargoyle Fighter)                   Turns: 1912, Time: 00:00:43

Health: -1/28      AC: 10    Str: 21    XL:     4   Next: 14%
Magic:  4/4        EV:  9    Int:  9    God:
Gold:   154        SH:  8    Dex:  9    Spells: 3/3 levels left

rFire   + . .      SeeInvis .    Y - +0 war axe
rCold   . . .      Faith    .    c - +0 buckler
rNeg    + . .      Spirit   .    b - +0 scale mail
rPois   inf        Reflect  .    (no helmet)
rElec   +          Harm     .    (no cloak)
rCorr   .          Rampage  .    (no gloves)
Will    .....                    (no boots)
Stlth   ..........               (no amulet)
HPRegen 0.09/turn                h - ring of protection from fire
MPRegen 0.09/turn                (no ring)

@: no status effects
A: sickness immunity, AC +3, negative energy resistance 1, electricity
resistance, torment resistance 1, petrification resistance, large bone plates 1
a: no special abilities


You were on level 3 of the Dungeon.
You visited 1 branch of the dungeon, and saw 3 of its levels.

You collected 154 gold pieces.


Innate Abilities, Weirdness & Mutations

You are immune to sickness and miasma.
Your stone body is resilient. (AC +3)
You are immune to poison.
You resist negative energy. (rN+)
You are resistant to electric shocks. (rElec)
You are resistant to unholy torment.
You are immune to petrification.
You are partially covered in large bone plates. (SH +4)


   Skills:
 - Level 3.2 Fighting
 + Level 3.9 Axes
 - Level 3.2 Armour
 - Level 3.2 Shields


You had 3 spell levels left.
You didn't know any spells.
Your spell library was empty.

Inventory:

Hand Weapons
 g - a +0 whip
 Y - a +0 war axe (weapon)
Missiles
 n - 2 boomerangs (quivered)
Armour
 b - a +0 scale mail (worn)
 c - a +0 buckler (worn)
 k - the +0 hat of the Dice {Harm rCorr}
   (You acquired it on level 2 of the Dungeon)

   rCorr:     It protects you from acid and corrosion.
   Harm:      It increases damage dealt and taken.
Jewellery
 h - a ring of protection from fire (left hand)
 l - a ring of ice
Scrolls
 a - 3 scrolls of identify
 p - a scroll of brand weapon {unknown}
Potions
 d - a potion of might
 e - a potion of resistance {unknown}
 f - 2 potions of mutation
 i - a potion of cancellation
 j - a potion of attraction {unknown}
 m - a potion of curing {unknown}
 o - a potion of haste {unknown}

Dungeon Overview and Level Annotations

Branches:
Dungeon (3/15)

Altars:


Message History

The gnoll barely misses you. The gnoll hits you with a +0 club.
You barely miss the gnoll. You hit the gnoll. The gnoll misses you.
You block the gnoll's attack. The gnoll hits you but does no damage.
You barely miss the gnoll.
The gnoll is moderately wounded.
You hit the gnoll. The gnoll hits you but does no damage.
You block the gnoll's attack. The gnoll closely misses you.
You slash the gnoll!
The gnoll is severely wounded.
You hit the gnoll. The gnoll hits you with a +0 club.
The gnoll hits you from afar with a +0 spear.
You block the gnoll's attack.
The gnoll hits you from afar with a +0 spear.
The gnoll hits you but does no damage. The gnoll hits you with a +0 club.
You hit the gnoll but do no damage.
The gnoll is severely wounded.
You closely miss the gnoll. The gnoll hits you but does no damage.
The gnoll closely misses you. x2
You hit the gnoll but do no damage.
The gnoll is severely wounded.
You hit the gnoll.
You kill the gnoll!
You block the gnoll's attack.
The gnoll hits you from afar with a +0 spear.
The gnoll closely misses you. The gnoll hits you but does no damage.
You have reached level 4!
You feel clever.
You barely miss the gnoll.
The gnoll is severely wounded.
The gnoll barely misses you. You block the gnoll's attack.
You barely miss the gnoll.
The gnoll is severely wounded.
The gnoll hits you but does no damage. The gnoll barely misses you.
You barely miss the gnoll.
The gnoll is severely wounded.
The gnoll hits you with a +0 club.
The gnoll hits you from afar with a +0 spear.
You die...

#..........# #.##
#..........# #..##
#..........#####..#
#..........##.....##
#..........#.......##
###########.........#
#.........####
#.............
#.....@...####
#....)g)...#
#......g......
......?.....~~~
###............~
#..........8..
#....<.......~
...........~ยค~


You could see 2 gnolls.

Vanquished Creatures
  2 gnolls (D:3)
  5 ball pythons
  A bat (D:3)
  3 endoplasms
  5 giant cockroaches
  4 goblins
  4 hobgoblins
  3 jackals (D:3)
  A quokka (D:2)
  3 frilled lizards
  4 kobolds
  7 rats
42 creatures vanquished.

Vanquished Creatures (others)
  4 plants (D:2)
4 creatures vanquished.

Grand Total: 46 creatures vanquished

Notes
Turn   | Place    | Note
-------+----------+-------------------------------------------
     0 | D:1      | qw the Gargoyle Fighter began the quest for the Orb.
     0 | D:1      | Reached XP level 1. HP: 14/14 MP: 1/1
     0 | D:1      | 0 ||| qw: Version: 0.2-a-12-gaebbb33
     0 | D:1      | 0 ||| qw: Game counter: 873
     0 | D:1      | 0 ||| qw: Always use a shield: true
     0 | D:1      | 0 ||| qw: God list: Okawaru
     0 | D:1      | 0 ||| qw: Allow faded altars: false
     0 | D:1      | 0 ||| qw: Do Orc after D:15 true
     0 | D:1      | 0 ||| qw: Do second Lair branch before Depths: true
     0 | D:1      | 0 ||| qw: Lair rune preference: random
     0 | D:1      | 0 ||| qw: Plans: Normal, Zot:1-4, God:TSO, Crypt, Tomb,
                  | Pan, Slime:5, Hells, Abyss, Orb
     0 | D:1      | 0 ||| PLANNING D:1-11
   185 | D:1      | Reached XP level 2. HP: 19/19 MP: 2/2
   220 | D:1      | 220 ||| DROPPING +0 club.
   222 | D:1      | Found a faded altar of an unknown god.
   499 | D:1      | 499 ||| Stepping ~*~*~tactically~*~*~ (stealth).
   759 | D:1      | 759 ||| READING 2 scrolls labelled DERINU NOM QED.
   760 | D:1      | 760 ||| READING scroll labelled JYDGHE AMNISA ICA.
   761 | D:1      | 761 ||| READING scroll labelled FASUICH LIEBIRRAO.
   762 | D:1      | 762 ||| DRINKING 2 murky red potions.
   801 | D:2      | Reached skill level 3 in Axes
   863 | D:2      | Reached XP level 3. HP: 9/23 MP: 3/3
  1651 | D:2      | 1651 ||| UPGRADING to ring of protection from fire.
  1652 | D:2      | 1652 ||| READING scroll labelled AMAJ ETOTOISEN.
  1653 | D:2      | 1653 ||| READING scroll labelled SYWECV SORETTOC.
  1654 | D:2      | 1654 ||| READING scroll labelled LUMAOR LIOBE.
  1654 | D:2      | Identified a scroll of acquirement
  1654 | D:2      | 1654 ||| ACQUIRING +0 hat of the Dice {Harm rCorr}
  1654 | D:2      | Acquired the +0 hat of the Dice {Harm rCorr}
  1656 | D:2      | 1656 ||| DRINKING 3 smoky clear potions.
  1656 | D:2      | Gained mutation: You are partially covered in large bone
                  | plates. (SH +4) [potion of mutation]
  1657 | D:2      | 1657 ||| READING 2 scrolls of identify.
  1657 | D:2      | 1657 ||| IDENTIFYING viscous red potion
  1658 | D:2      | 1658 ||| DROPPING potion of ambrosia.
  1907 | D:3      | HP: 4/23 [gnoll/+0 club (2)]
  1910 | D:3      | Reached XP level 4. HP: 2/28 MP: 4/4
  1912 | D:3      | HP: 1/28 [gnoll/+0 club (2)]
  1912 | D:3      | Slain by a gnoll

Levels and vault maps discovered:
D:1:      wander_arrival_desolate, layout_rooms, shapermc_ecumenical_altar_venn
D:2:      wad_lake_hut, layout_basic
D:3:      layout_rooms, mainiacjoe_overflow_catwalk

Skill      XL: |  1  2 |
---------------+-------+-----
Axes           | 2 3 |  3.9
Fighting       | |  3.2
Armour         | |  3.2
Shields        | |  3.2

Action                   |  1- 3 |  4- 6 || total
-------------------------+-------+-------++-------
Melee: War axe           |   120 |     3 ||   123
Throw: Boomerang         |     5 |       ||     5
  Use: Scroll            |     7 |       ||     7
       Potion            |     2 |       ||     2
Armor: Scale mail        |    55 |     1 ||    56
Dodge: Dodged            |    54 |     2 ||    56
Block: Buckler           |    25 |     1 ||    26

Table legend:
 A = Non-vault XP
 B = Vault XP
 C = Vault XP percentage of total XP
 D = Non-vault monster count
 E = Vault monster count
 F = Vault count percentage of total count
                 A         B        C        D         E       F
            +---------+---------+-------+---------+---------+-------
      Total |      94 |       0 |   0.0 |      42 |       0 |   0.0
            +---------+---------+-------+---------+---------+-------
        D:1 |      28 |       0 |   0.0 |      18 |       0 |   0.0
        D:2 |      23 |       0 |   0.0 |      14 |       0 |   0.0
        D:3 |      43 |       0 |   0.0 |      10 |       0 |   0.0
            +---------+---------+-------+---------+---------+-------
